 Dungeon Crawl Stone Soup version 0.31-a0-845-g9abc20d24f (webtiles) character file.

Game seed: 5245922095946290428

8654 freelancePsychic the Gusty (level 11, -10/98 HPs)
             Began as an Armataur Conjurer on Oct 2, 2023.
             Was a Believer of Vehumet.
             Mangled by a manticore (21 damage)
             ... on level 9 of the Dungeon.
             The game lasted 00:19:29 (11637 turns).

freelancePsychic the Gusty (Armataur Conjurer)     Turns: 11637, Time: 00:19:31

Health: -10/98     AC: 11    Str: 13    XL:     11   Next: 12%
Magic:  15/17      EV:  8    Int: 33    God:    Vehumet [**....]
Gold:   972        SH:  0    Dex:  9    Spells: 3/19 levels left

rFire   + . .        n - +0 quick blade (venom)
rCold   . . .        (no shield)
rNeg    . . .        v - +2 ring mail "Coynuth" {Int+5 SInv}
rPois   .            (no helmet)
rElec   .            x - +2 cloak
rCorr   .            l - +0 pair of gloves
SInv    +            (no barding)
Will    .....        (no amulet)
Stlth   ++           s - ring of protection from fire
HPRegen 0.36/turn    w - +6 ring of intelligence
MPRegen 0.15/turn

%: roll
@: no status effects
A: large, rugged brown scales 3, deformed body, armoured tail, roll, long
tongue, awkward tongue
a: Renounce Religion


You were on level 9 of the Dungeon.
You worshipped Vehumet.
Vehumet was pleased with you.
You visited 2 branches of the dungeon, and saw 10 of its levels.
You also visited: Bailey.

You collected 972 gold pieces.

Inventory:

Hand Weapons
 n - a +0 quick blade of venom (weapon)
Missiles
 e - 16 poisoned darts
 f - 6 throwing nets
Armour
 a - a +0 robe
 l - a +0 pair of gloves (worn)
 v - the +2 ring mail "Coynuth" (worn) {Int+5 SInv}
   (You found it on level 6 of the Dungeon)

   Int+5:     It affects your intelligence (+5).
   SInv:      It lets you see invisible.
 x - a +2 cloak (worn)
Magical Staves
 d - a staff of air
Jewellery
 s - a ring of protection from fire (left hand)
 w - a +6 ring of intelligence (right hand)
Wands
 o - a wand of flame (40)
 p - a wand of roots (5)
Scrolls
 c - a scroll of poison
 h - a scroll of teleportation {@r4}
 j - a scroll of silence {unknown}
 m - a scroll of fear
 u - a scroll of blinking
 A - 3 scrolls of identify {@r1}
 C - a scroll of vulnerability
 D - a scroll of revelation
Potions
 b - 2 potions of magic
 g - 2 potions of degeneration
 k - a potion of attraction {unknown}
 q - a potion of lignification {unknown}
 r - 2 potions of enlightenment {unknown}
 t - 2 potions of berserk rage {unknown}
 B - a potion of mutation {unknown}
Miscellaneous
 i - a lightning rod (3/4)
 y - a phantom mirror
 z - a condenser vane


   Skills:
 + Level 7.2 Fighting
 + Level 4.3 Short Blades
 - Level 1.3 Dodging
 - Level 4.6 Stealth
 - Level 4.5 Spellcasting
 - Level 4.0 Conjurations
 * Level 7.2 Fire Magic
 * Level 7.4 Air Magic
 - Level 5.8 Poison Magic


You had 3 spell levels left.
You knew the following spells:

 Your Spells              Type           Power      Damage    Failure   Level
a - Magic Dart            Conj           100%       1d8       1%          1
b - Searing Ray           Conj           68%        2d6       3%          2
c - Mephitic Cloud        Conj/Pois/Air  45%        N/A       3%          3
d - Olgreb's Toxic Radia  Pois           45%        N/A       10%         4
i - Plasma Beam           Fire/Air       27%        2x1d39    63%         6

Your spell library contained the following spells:

 Spells                   Type           Power      Damage    Failure   Level
 Foxfire                  Conj/Fire      100%       2x1d9     1%          1
 Poisonous Vapours        Pois/Air       100%       N/A       1%          2
 Cigotuvi's Dreadful Rot  Necr/Pois/Air  72%        N/A       2%          2
 Sting                    Tmut/Pois      100%       1d8       3%          1
 Dazzling Flash           Conj/Hex       40%        N/A       14%         3
 Summon Guardian Golem    Hex/Summ       7%         N/A       32%         3
 Fulminant Prism          Conj/Hex       10%        3d9       43%         4
 Iskenderun's Mystic Bla  Conj/Tloc      20%        2d6       43%         4
 Dispel Undead            Necr           7%         3d8       73%         4
 Starburst                Conj/Fire      22%        6d7       86%         6
 Death Channel            Necr           3%         N/A       100%        6
 Orb of Destruction       Conj           17%        9d7       100%        7
 Spellforged Servitor     Conj/Summ      10%        N/A       100%        7


Dungeon Overview and Level Annotations

Branches:
Dungeon (9/15)             Temple (1/1) D:6          Bailey (visited)
   Lair: D:8-11         Orc: D:9-12

Altars:
Ashenzari
Cheibriados
Dithmenos
Elyvilon
Fedhas
Gozag
Hepliaklqana
Kikubaaqudgha
Makhleb
Nemelex Xobeh
Okawaru
Qazlal
Ru
Sif Muna
Trog
Uskayaw
Vehumet
Wu Jian
Xom
Yredelemnul
Zin
The Shining One

Shops:
D:1 =

Annotations:
D:5 3 runed translucent doors, exclusion: ogre, Age's ghost, novice MiHu


Innate Abilities, Weirdness & Mutations

You are completely covered in rugged brown scales. (AC +3, +7% HP)
Armour fits poorly on your strangely shaped body.
You have a long armoured tail.
You roll when moving toward enemies. (Rampage)
Your long tongue fully drains potion bottles. (2x potion effects)
Your tongue gives you trouble enunciating. (1.5x scroll delay)


Message History

The manticore is moderately wounded.
The manticore bites you.
The manticore claws you but does no damage. x2
You hit the manticore but do no damage.
The manticore looks as sick as possible!
Your tail-slap misses the manticore.
You hit the manticore but do no damage. You tail-slap the manticore.
The manticore is moderately wounded.
The manticore bites you.
The manticore claws you but does no damage.
The manticore claws you.
The wind drake hisses angrily.
You hit the manticore but do no damage. You hit the manticore.
The manticore looks as sick as possible!
The manticore is heavily wounded.
The manticore bites you but does no damage.
The manticore claws you!
The manticore claws you but does no damage.
You hit the manticore but do no damage.
The manticore looks as sick as possible!
You hit the manticore but do no damage.
The manticore looks as sick as possible!
The manticore is heavily wounded.
Vehumet accepts your kill.
You feel your power returning.
You feel a bit more experienced. The manticore bites you!
The manticore claws you!
* * * LOW HITPOINT WARNING * * *
The manticore claws you!
* * * LOW HITPOINT WARNING * * *
Okay, then.
Casting: Mephitic Cloud (mildly dangerous; 3% risk of failure)
Confirm with . or Enter, or press ? or * to list all spells.
Aiming: Searing Ray (safe; 3% risk of failure)
Press: ? - help, Shift-Dir - straight line, f - manticore
Aim: a manticore (heavily wounded, extremely poisoned, 88% to hit)
The searing ray hits the manticore.
The manticore is heavily wounded. (Press . to maintain the ray.)
The manticore bites you!!
You die...

#..##.#
#..##.#
#≈≈.#...#.#.
# ...
#...#...#.. .
###
#.≈≈#...#.
#≈kH#...## #
#.lE#._.###.#
#≈mt#...#..#
#≈tH#...#N###
#.Ht#H@.#N..#
#
#≈km#..?###.#
######.#
#≈.m#...##
.oO.<.#
#≈≈H#...#S.
######.#
#.≈≈#=..#..#
.... #
#####...####
#### ##.!.
#### #


You could see a naga warrior, a skyshark, 3 snapping turtles, 2 wind drakes, 2
merfolk, 4 manticores, a water elemental, a merfolk siren, a black mamba, a
harpy and a naga.

Vanquished Creatures
  Erolcha (D:9)
  A centaur warrior (D:9)
  A two-headed ogre (D:9)
  Pikel (D:5)
  A deep elf pyromancer (D:9)
  Joseph (D:8)
  A shadow (D:9)
  Sigmund (D:4)
  A wyvern (D:9)
  6 yaks
  An ice beast (D:6)
  2 orc warriors (D:9)
  2 black bears
  A sky beast (D:6)
  5 wolves (Bailey)
  4 ogres
  A lemure (D:5)
  4 centaurs
  A kobold brigand (D:9)
  2 bullfrogs
  8 gnoll sergeants (Bailey)
  2 scorpions
  6 wights
  3 killer bees (D:9)
  A howler monkey (D:8)
  5 hounds
  4 jellies
  7 orc priests
  7 gnoll boudas
  A sleepcap (D:6)
  5 iguanas
  8 orc wizards
  17 gnolls
  6 adders
  A shadow imp (D:6)
  A white imp (D:8)
  An ufetubus (D:4)
  2 worms (D:2)
  2 dart slugs
  30 orcs
  7 bats
  6 endoplasms
  2 giant cockroaches (D:2)
  10 goblins
  9 hobgoblins
  6 quokkas
  12 ball pythons
  2 frilled lizards (D:1)
  10 kobolds
  5 rats
224 creatures vanquished.

Notes
Turn   | Place    | Note
-------+----------+-------------------------------------------
     0 | D:1      | freelancePsychic the Armataur Conjurer began the quest for
                  | the Orb.
     0 | D:1      | Reached XP level 1. HP: 14/14 MP: 3/3
   246 | D:1      | Reached XP level 2. HP: 23/23 MP: 1/4
   383 | D:1      | You fall into a shaft and drop 1 floor!
   396 | D:2      | Reached skill level 1 in Fighting
   474 | D:2      | Reached XP level 3. HP: 29/29 MP: 1/5
   533 | D:1      | Found a faded altar of an unknown god.
  1137 | D:1      | Learned a level 2 spell: Searing Ray
  1440 | D:1      | Found Astekadgh's Jewellery Shop.
  1920 | D:2      | Reached XP level 4. HP: 38/38 MP: 1/6
  2537 | D:3      | Reached skill level 1 in Poison Magic
  2759 | D:3      | Reached XP level 5. HP: 43/43 MP: 3/7
  3337 | D:4      | Learned a level 4 spell: Olgreb's Toxic Radiance
  3635 | D:5      | Entered Level 5 of the Dungeon
  3865 | D:5      | Noticed Age's ghost (novice MiHu)
  3898 | D:5      | Found a runed translucent gate.
  3898 | D:5      | Found a runed translucent gate.
  3898 | D:5      | Found a runed translucent gate.
  3900 | D:5      | Noticed an ogre
  3922 | D:5      | Noticed a lemure
  3952 | D:5      | Noticed a lemure
  3954 | D:5      | Noticed Pikel
  3957 | D:5      | Noticed a black bear
  4032 | D:5      | Reached XP level 6. HP: 54/54 MP: 2/8
  4713 | D:4      | Reached XP level 7. HP: 60/60 MP: 2/10
  4791 | D:4      | Noticed Sigmund
  5127 | D:4      | Killed Sigmund
  5687 | D:5      | Killed Pikel
  5688 | D:5      | Reached skill level 5 in Poison Magic
  5688 | D:5      | Reached XP level 8. HP: 65/71 MP: 1/13
  6331 | D:6      | Found a bloodstained altar of Trog.
  6332 | D:6      | Found an iron altar of Okawaru.
  6334 | D:6      | Found a stormy altar of Qazlal.
  6336 | D:6      | Found a sacrificial altar of Ru.
  6609 | D:6      | Reached skill level 5 in Fighting
  6609 | D:6      | Reached skill level 1 in Air Magic
  6701 | D:6      | Found a staircase to the Ecumenical Temple.
  6713 | Temple   | Entered the Ecumenical Temple
  6776 | Temple   | Became a worshipper of Vehumet
  6840 | D:6      | Identified the +2 ring mail "Coynuth" {Int+5 SInv}
  6864 | D:6      | Reached skill level 1 in Fire Magic
  7723 | D:6      | Reached XP level 9. HP: 67/79 MP: 15/15
  8555 | D:7      | Reached skill level 1 in Short Blades
  8841 | D:8      | Noticed Joseph
  8856 | D:8      | Reached * piety under Vehumet
  8856 | D:8      | Offered knowledge of Kiss of Death by Vehumet.
  8861 | D:8      | Killed Joseph
  9034 | D:8      | Reached skill level 5 in Air Magic
  9263 | D:8      | Reached XP level 10. HP: 54/86 MP: 9/16
  9717 | D:9      | Noticed a death knight
  9717 | D:9      | Noticed a centaur warrior
  9754 | D:9      | Reached skill level 5 in Fire Magic
  9825 | D:9      | Noticed a two-headed ogre
  9867 | D:9      | Noticed a manticore
  9902 | D:9      | Noticed a deep elf pyromancer
  9940 | D:9      | Killed a deep elf pyromancer
  9957 | D:9      | Noticed Erolcha
  9960 | D:9      | Killed Erolcha
 10001 | D:9      | Found a flagged portal.
 10011 | Bailey   | Entered a bailey
 10013 | Bailey   | Offered knowledge of Shock by Vehumet.
 10016 | Bailey   | Reached ** piety under Vehumet
 10177 | Bailey   | Learned a level 6 spell: Plasma Beam
 11055 | Bailey   | Offered knowledge of Mephitic Cloud by Vehumet.
 11060 | Bailey   | Learned a level 3 spell: Mephitic Cloud
 11288 | D:9      | Killed a two-headed ogre
 11289 | D:9      | Reached XP level 11. HP: 53/98 MP: 14/17
 11629 | D:9      | Saw a vision of the Shoals and the Snake Pit.
 11629 | D:9      | Found a broken altar of Ashenzari.
 11629 | D:9      | Noticed a skyshark
 11629 | D:9      | Noticed a naga warrior
 11629 | D:9      | Noticed a harpy
 11629 | D:9      | Noticed a naga warrior
 11636 | D:9      | Killed a centaur warrior
 11637 | D:9      | Mangled by a manticore

Illustrated notes

Levels and vault maps discovered:
D:1:      dpeg_arrival_court, layout_basic,
          hellmonk_ecumenical_altar_crossroads, serial_shops, shop,
          minmay_heptomino_d4
D:2:      layout_loops_ring
D:3:      layout_loops_ring, minmay_between
D:4:      layout_basic, uniq_sigmund
D:5:      layout_basic, gammafunk_ghost_icy, uniq_pikel
D:6:      layout_basic, minitemple, minmay_temple_entry_ruins
D:7:      layout_loops_cross, nrook_mini_backslash
D:8:      layout_rooms, hangedman_abyss_or_decor_stagger, hangedman_glass_teeth,
          uniq_joseph
D:9:      hangedman_cross_stitches, layout_loops_ring, grunt_ashenzari_visionary
          [grunt_ashenzari_visionary_shoals, grunt_ashenzari_visionary_snake],
          enter_bailey_6, minmay_radiant, uniq_erolcha
Temple:   bh_familiar_temple

Skill      XL: |  1  2  3  4  5  6  7  8  9 10 11 |
---------------+----------------------------------+-----
Fighting       | 1 2 3 4 5 6 7 |  7.2
Stealth        | 3 4 |  4.6
Conjurations   | 4 |  4.0
Poison Magic   | 1 2 3 5 |  5.8
Spellcasting   | 2 3 4 |  4.5
Air Magic      | 2 5 7 |  7.4
Fire Magic     | 2 4 6 7 |  7.2
Short Blades   | 2 4 |  4.3
Dodging        | |  1.3

Action                     |  1- 3 |  4- 6 |  7- 9 | 10-12 || total
---------------------------+-------+-------+-------+-------++-------
  Melee: Staff             |    28 |       |       |       ||    28
         Punch             |     2 |     2 |     4 |       ||     8
         Unarmed           |     1 |       |       |       ||     1
         Tailslap          |     3 |    28 |    36 |    48 ||   115
         Quick blade       |       |   292 |   275 |   254 ||   821
   Cast: Magic Dart        |    46 |       |       |       ||    46
         Searing Ray       |    10 |    22 |    26 |     1 ||    59
         Olgreb's Toxic Ra |       |     3 |    21 |    31 ||    55
         Mephitic Cloud    |       |       |       |     2 ||     2
  Evoke: Wand              |       |     1 |     7 |     1 ||     9
         Lightning rod     |       |       |       |     5 ||     5
    Use: Scroll            |       |     7 |     8 |     4 ||    19
         Potion            |       |     1 |     3 |     2 ||     6
   Stab: Sleeping          |       |     4 |       |     2 ||     6
         Distracted        |       |     1 |       |       ||     1
         Confused          |       |       |       |     2 ||     2
 Armour: Robe              |    21 |   146 |    45 |       ||   212
         Ring mail         |       |       |   132 |   170 ||   302
  Dodge: Dodged            |    13 |    79 |    75 |    77 ||   244

Table legend: (Time is in decaauts)
 A = Elapsed time spent in this place.
 B = Non-inter-level travel time spent in this place.
 C = Inter-level travel time spent in this place.
 D = Time resting spent in this place.
 E = Time spent auto-exploring this place.
 F = Levels seen in this place.
 G = Mean time per level.
                   A        B        C        D        E       F      G
               +--------+--------+--------+--------+--------+-----+--------+
         Total |  11726 |  11362 |    364 |    190 |   9174 |  11 | 1066.0 |
       Dungeon |  10397 |  10049 |    348 |    190 |   8138 |   9 | 1155.2 |
        Temple |     80 |     64 |     16 |      0 |     43 |   1 |   80.0 |
        Bailey |   1248 |   1248 |      0 |      0 |    993 |   1 | 1248.0 |
               +--------+--------+--------+--------+--------+-----+--------+

Top non-repeatable levels by time:
     D:6: 1568 daAuts
     D:5: 1459 daAuts
     D:1: 1418 daAuts
     D:4: 1318 daAuts
  Bailey: 1248 daAuts
     D:2: 1067 daAuts
     D:8: 1035 daAuts
     D:3: 972 daAuts
     D:7: 902 daAuts
     D:9: 655 daAuts
  Temple: 80 daAuts
